 Dungeon Crawl Stone Soup version 0.30.1-3-gfc49f6343a (webtiles) character file.

Game seed: 10142754670132782795

8 Bronimir the Chiller (level 2, -4/15 HPs)
             Began as a Vampire Ice Elementalist on July 29, 2023.
             Slain by a gnoll
             ... wielding a +0 spear
              (5 damage)
             ... on level 1 of the Dungeon.
             The game lasted 00:01:15 (360 turns).

Bronimir the Chiller (Vampire Ice Elementalist)      Turns: 360, Time: 00:01:16

Health: -4/15      AC:  3    Str:  7    XL:     2   Next: 0%
Magic:  2/5        EV: 12    Int: 17    God:
Gold:   0          SH:  0    Dex: 14    Spells: 4/5 levels left

rFire   . . .        (no weapon)
rCold   + + .        (no shield)
rNeg    + + +        a - +0 robe
rPois   ∞            h - +0 helmet
rElec   .            (no cloak)
rCorr   .            (no gloves)
SInv    +            (no boots)
Will    .....        (no amulet)
Stlth   ++++         (no ring)
HPRegen 0.00/turn    (no ring)
MPRegen 0.09/turn

%: no passive effects
@: bloodless, inhibited regen
A: bloodless, fangs 3, see invisible, vampiric 1
a: Revivify


You were on level 1 of the Dungeon.
You visited 1 branch of the dungeon, and saw 2 of its levels.

Inventory:

Armour
 a - a +0 robe (worn)
 h - a +0 helmet (worn)
Scrolls
 c - 4 scrolls of identify {unknown}
 d - a scroll of teleportation {unknown}
 e - a scroll of poison {unknown}
 g - a scroll of vulnerability {unknown}
Potions
 b - a potion of magic
 f - a potion of heal wounds {unknown}
 i - a potion of attraction {unknown}


   Skills:
 + Level 2.2 Dodging
 + Level 3.2 Stealth
 + Level 2.1 Spellcasting
 + Level 4.3 Ice Magic


You had 4 spell levels left.
You knew the following spells:

 Your Spells              Type           Power      Damage    Failure   Level
a - Freeze                Ice            64%        1d7       3%          1

Your spell library contained the following spells:

 Spells                   Type           Power      Damage    Failure   Level
 Frozen Ramparts          Ice            32%        1d5       10%         3
 Ozocubu's Armour         Ice            16%        N/A       10%         3
 Summon Ice Beast         Ice/Summ       9%         N/A       61%         4
 Leda's Liquefaction      Hex/Erth       0%         N/A       88%         4
 Lee's Rapid Deconstruct  Erth           0%         3d4*      99%         5
 Statue Form              Tmut/Erth      0%         N/A       100%        6


Dungeon Overview and Level Annotations

Branches:
Dungeon (2/15)

Altars:


Innate Abilities, Weirdness & Mutations

You do not regenerate when monsters are visible.
You are frail without blood (-20% HP).
You can heal yourself when you bite living creatures.
You are immune to poison.
You have razor-sharp teeth.
You have supernaturally acute eyesight. (SInv)
You are afflicted with vampirism.


Message History

You kill the ball python!
You see here a ball python corpse.
The goblin shouts!
You hear a shout!
You freeze the goblin.
You kill the goblin!
You begin bloodletting.
You continue bloodletting. x5
HP restored.
You become bloodless.
You see here a ball python corpse.
i - a sedimented ruby potion
Found a stone staircase leading down.
A frilled lizard comes into view.
A frilled lizard is nearby!
There is a stone staircase leading down here.
You can't see any susceptible monsters within range! (Use Z to cast anyway.)
A gnoll comes into view. It is wielding a +0 spear.
You can't see any susceptible monsters within range! (Use Z to cast anyway.)
Found a falchion.
You freeze the frilled lizard.
You kill the frilled lizard!
The gnoll shouts!
You have reached level 2!
A rat comes into view.
The gnoll hits you with a +0 spear.
You freeze the gnoll.
The gnoll is lightly wounded.
The gnoll hits you with a +0 spear.
You freeze the gnoll!
The gnoll is severely wounded.
The gnoll hits you with a +0 spear.
You are too injured to fight recklessly!
You are too injured to fight recklessly!
The gnoll hits you from afar with a +0 spear.
* * * LOW HITPOINT WARNING * * *
A giant cockroach comes into view.
A gnoll comes into view. It is wielding a +0 flail.
The giant cockroach closely misses you.
The gnoll hits you from afar with a +0 spear.
* * * LOW HITPOINT WARNING * * *
The gnoll hits you with a +0 spear.
You die...

#.#.# ##.....##
#...###.......##
######..##†........###
.....................
#####..##.........#
###.g###.......###
#.......#.........
#.#..##g##...######
#.#..##@##.........
......#.##.>#######
##.#.#.#.##..#
#.#...#B##..# #
.....)##..#
##.#####..# #)# #.##
#.# #.# #. #.# #.#


You could see a gnoll and a giant cockroach.

Vanquished Creatures
  A goblin (D:1)
  A hobgoblin (D:1)
  A kobold (D:2)
  A ball python (D:1)
  2 frilled lizards (D:1)
  3 rats
9 creatures vanquished.

Notes
Turn   | Place    | Note
-------+----------+-------------------------------------------
     0 | D:1      | Bronimir the Vampire Ice Elementalist began the quest for
                  | the Orb.
     0 | D:1      | Reached XP level 1. HP: 13/13 MP: 3/3
   114 | D:1      | You fall into a shaft and drop 1 floor!
   341 | D:1      | Reached XP level 2. HP: 15/15 MP: 3/5
   360 | D:1      | Slain by a gnoll

Illustrated notes

Levels and vault maps discovered:
D:1:      dpeg_arrival_line_fractal, layout_loops_ring
D:2:      layout_rooms, kennysheep_another_room, uniq_jessica, uniq_terence

Action                     || total
---------------------------++-------
  Melee: Unarmed           ||     1
   Cast: Freeze            ||    14
Ability: Exsanguinate      ||     1
 Armour: Robe              ||     2
  Dodge: Dodged            ||     2
